 Dungeon Crawl Stone Soup version 0.28-a0-1152-g9c71ebef14 (webtiles) character file.

Game seed: 17350052567135967968

137 ytrimaz the Insei (level 5, -3/34 HPs)
             Began as an Octopode Transmuter on Dec 14, 2021.
             Slain by a gnoll (15 damage)
             ... on level 3 of the Dungeon.
             The game lasted 00:01:41 (2625 turns).

ytrimaz the Insei (Octopode Transmuter)             Turns: 2625, Time: 00:01:41

Health: -3/34      AC:  1    Str:  9    XL:     5   Next: 20%
Magic:  9/9        EV: 13    Int: 18    God:
Gold:   114        SH:  0    Dex: 12    Spells: 4/10 levels left

rFire   . . .      SeeInvis .     - Unarmed
rCold   . . .      Faith    .   (no shield)
rNeg    . . .      Spirit   .   (helmet restricted)
rPois   .          Reflect  .   (no amulet)
rElec   .          Harm     .   (no ring)
rCorr   .          Rampage  .   (no ring)
Will    .....                   (no ring)
Stlth   ++........              (no ring)
HPRegen 0.11/turn               (no ring)
MPRegen 0.11/turn               (no ring)
                                (no ring)
                                (no ring)

@: no status effects
A: almost no armour, amphibious, 8 rings, camouflage 1, gelatinous body 1,
(nimble swimmer 1), tentacles
a: no special abilities


You were on level 3 of the Dungeon.
You visited 1 branch of the dungeon, and saw 3 of its levels.

You collected 114 gold pieces.

You aren't carrying anything.


   Skills:
 * Level 1.9 Fighting
 * Level 2.6 Dodging
 + Level 3.8 Unarmed Combat
 * Level 3.1 Spellcasting
 * Level 2.8 Transmutations


You had 4 spell levels left.
You knew the following spells:

 Your Spells              Type           Power      Damage    Failure   Level
a - Beastly Appendage     Tmut           24%        N/A       4%          1
b - Wereblood             Tmut           12%        N/A       8%          2
c - Spider Form           Tmut/Pois      7%         N/A       26%         3

Your spell library contained the following spells:

 Spells                   Type           Power      Damage    Failure   Level
 Ice Form                 Ice/Tmut       7%         N/A       65%         4


Dungeon Overview and Level Annotations

Branches:
Dungeon (3/15)

Altars:


Innate Abilities, Weirdness & Mutations

You cannot wear most types of armour.
You are amphibious.
You can wear up to eight rings at the same time.
Your skin changes colour to match your surroundings (Stealth+).
Your rubbery body absorbs attacks. (AC +1, EV +1)
((You are camouflaged near water. (Stealth+)))
You have tentacles for arms and can constrict up to eight enemies at once.


Message History

Your transformation is almost over.
Your tentacle spike disappears.
You open the door.
There is an open door here.
Done exploring.
Done exploring.
No target in view!
Done exploring.
Done exploring.
No target in view!
As you read the scroll labelled BOZUSARODEO, it crumbles to dust.
It is a scroll of identify.
a - a potion of degeneration
There is a stone staircase leading down here.
You drop a potion of degeneration.
You climb downwards.
The gnoll shouts! x2
Found 2 fizzy amethyst potions.
Found an escape hatch in the floor.
There is a stone staircase leading up here.
There are monsters nearby!
There are monsters nearby!
You tentacle-slap the gnoll. Your grab misses the gnoll.
Your squeeze misses the gnoll.
The gnoll is moderately wounded.
The gnoll barely misses you.
You tentacle-slap the gnoll. Your grab misses the gnoll.
The gnoll is severely wounded.
You tentacle-slap the gnoll.
You kill the gnoll!
Your Spellcasting skill increases to level 3!
A rat comes into view.
The gnoll barely misses you.
You see here a +0 club.
The gnoll hits you with a +0 flail!
The rat twitches its whiskers.
The gnoll barely misses you.
There is a stone staircase leading up, spattered with blood here.
The gnoll hits you with a +0 flail!
The gnoll hits you from afar with a +0 halberd!
You die...

#.......
.##.......
.........##
..........#
..........#
...r.!....#
.......g..#
......g)@.#
..........#
..........#
.......>#.#
......###..
..#.#. .##
...... ..
#.... ..


You could see 2 gnolls and a rat.

Vanquished Creatures
  Natasha (twice) (D:2)
  A gnoll (D:3)
  3 adders (D:2)
  A worm (D:2)
  A dart slug (D:2)
  6 ball pythons
  An endoplasm (D:2)
  5 hobgoblins
  2 jackals (D:1)
  2 quokkas (D:1)
  4 bats (D:1)
  2 frilled lizards (D:1)
  6 goblins
  7 kobolds
  5 rats
48 creatures vanquished.

Notes
Turn   | Place    | Note
-------+----------+-------------------------------------------
     0 | D:1      | ytrimaz the Octopode Transmuter began the quest for the
                  | Orb.
     0 | D:1      | Reached XP level 1. HP: 13/13 MP: 3/3
   237 | D:1      | Reached XP level 2. HP: 11/18 MP: 3/5
   834 | D:1      | Learned a level 2 spell: Wereblood
  1006 | D:1      | Found a faded altar of an unknown god.
  1130 | D:1      | Reached XP level 3. HP: 23/23 MP: 4/6
  1134 | D:1      | Learned a level 3 spell: Spider Form
  1537 | D:2      | Noticed Natasha
  1545 | D:2      | Killed Natasha
  1546 | D:2      | Reached XP level 4. HP: 19/28 MP: 5/7
  2137 | D:2      | Noticed Natasha
  2144 | D:2      | Killed Natasha
  2145 | D:2      | Reached XP level 5. HP: 16/34 MP: 7/9
  2625 | D:3      | Slain by a gnoll

Illustrated notes

Levels and vault maps discovered:
D:1:      dpeg_arrival_morbid_curiosity, layout_basic,
          ebering_ecumenical_altar_sacrificial
D:2:      layout_basic, uniq_natasha
D:3:      layout_rooms

Skill      XL: |  1  2  3  4  5 |
---------------+----------------+-----
Spellcasting   | 3 |  3.1
Fighting       | |  1.9
Dodging        | |  2.6
Unarmed Combat | |  3.8
Transmutations | |  2.8

Action                   |  1- 3 |  4- 6 || total
-------------------------+-------+-------++-------
Melee: Unarmed           |    78 |    41 ||   119
       Constrict         |    18 |     6 ||    24
       Kick              |     8 |     2 ||    10
       Tentacles         |     6 |     6 ||    12
 Cast: Beastly Appendage |    10 |    13 ||    23
       Spider Form       |       |     2 ||     2
  Use: Scroll            |     1 |     2 ||     3
 Stab: Sleeping          |     6 |       ||     6
Armor: Skin              |    13 |     2 ||    15
Dodge: Dodged            |    71 |    18 ||    89

Table legend: (Time is in decaauts)
 A = Elapsed time spent in this place.
 B = Non-inter-level travel time spent in this place.
 C = Inter-level travel time spent in this place.
 D = Time resting spent in this place.
 E = Time spent auto-exploring this place.
 F = Levels seen in this place.
 G = Mean time per level.
                   A        B        C        D        E       F      G
               +--------+--------+--------+--------+--------+-----+--------+
         Total |   2619 |   2609 |     10 |     11 |   2235 |   3 |  873.0 |
       Dungeon |   2619 |   2609 |     10 |     11 |   2235 |   3 |  873.0 |
               +--------+--------+--------+--------+--------+-----+--------+

Top non-repeatable levels by time:
     D:1: 1500 daAuts
     D:2: 1113 daAuts
     D:3: 5 daAuts
